cohdb
Replays
Latest Replays
All Replays
Popular Replays
Top Player Replays
Match Explorer
How It Works
Community
CoH3 Stats
Reddit
Sign in to upload your games and track your stats! →
Sign in with Steam
Match 28368338
Unlisted
Match 28368338
Overview
Messages
Build Orders
End
Kettenkrad Recon Vehicle
Selects Breakthrough Battlegroup
Selects Assault Grenadiers
Construct Infanterie Kompanie
Grenadier Squad
MG 42 Machine Gun Team
GrW 34 Mortar Team
Construct Luftwaffe Kompanie
Flak 30 Anti-aircraft Gun Team
Grenadier Squad
Jäger Squad
Construct Panzergrenadier Kompanie
Selects 2.5-tonne Cargo Truck
Selects Smoke Bombing Run
Selects Smoke Bombing Run
Selects Incendiary Bombing Run
251 Medium Carrier
Pioneer Squad
Support Elements
Wirbelwind Flakpanzer
Incendiary Bombing Run
Nebelwerfer 42 Rocket Launcher Team
Construct Panzer Kompanie
StuG III G Assault Gun
Incendiary Bombing Run
Panzergrenadier Squad
Grenadier Squad
Incendiary Bombing Run
Selects Blitzkrieg
Sturmpanzer IV Brummbär
Incendiary Bombing Run
Sturmpanzer IV Brummbär
Incendiary Bombing Run
Pioneer Squad
Selects Tiger Heavy Tank
Tiger Heavy Tank
Pioneer Squad
KennyStarFighter
13E7712
cuernosoft
无关风月
dinamix.fr
wertykelpie
seb
JIN_TOMO
0
0
Comments
sign in to comment!
No comments posted yet!